 Dungeon Crawl Stone Soup version 0.20.1-1-g8b1a95d (webtiles) character file.

92 Internecine the Skirmisher (level 4, -3/41 HPs)
             Began as a Hill Orc Fighter on Sept 24, 2017.
             Was an Initiate of the Shining One.
             Killed from afar by akademic's ghost (6 damage)
             ... with a magic dart
             ... on level 3 of the Dungeon.
             The game lasted 00:28:54 (2051 turns).

Internecine the Skirmisher (Hill Orc Fighter)       Turns: 2051, Time: 00:28:54

Health: -3/41      AC: 10    Str: 23      XL:     4   Next: 60%
Magic:  4/4        EV:  7    Int:  6 (8)  God:    the Shining One [......]
Gold:   89         SH:  9    Dex: 10 (11) Spells: 3/3 levels left

rFire    . . .     SeeInvis .   a - +0 war axe
rCold    . . .     Gourm    .   c - +0 shield
rNeg     . . .     Faith    .   b - +0 scale mail
rPois    +         Spirit   .   x - +0 helmet
rElec    .         Reflect  .   (no cloak)
rCorr    .         Harm     .   F - +0 pair of gloves
MR       +....                  q - +0 pair of boots
Stlth    ..........             (no amulet)
Regen    0.2/turn               (no ring)
MPRegen  0.1/turn               (no ring)

@: mighty, glowing
A: magic resistance 1, poison resistance, MP-powered wands
a: Renounce Religion


You were on level 3 of the Dungeon.
You worshipped the Shining One.
The Shining One was noncommittal.
You were hungry.

You visited 1 branch of the dungeon, and saw 3 of its levels.

You collected 89 gold pieces.

Inventory:

Hand Weapons
 a - a +0 war axe (weapon)
 g - a cursed -2 dagger
 p - a +0 dagger
 s - a +2 dagger of venom
 v - a +0 short sword
 w - a +0 hunting sling
 C - a +0 whip
 D - a +0 club
 G - a +0 club
 H - a +0 rapier
Missiles
 l - 99 stones (quivered)
 n - 16 arrows
 y - 13 bolts
Armour
 b - a +0 scale mail (worn)
 c - a +0 shield (worn)
 h - a +0 pair of boots
 q - a +0 pair of boots (worn)
 x - a +0 helmet (worn)
 F - a +0 pair of gloves (worn)
Jewellery
 J - an uncursed ring of fire {unknown}
Scrolls
 e - a scroll of recharging {unknown}
 r - a scroll of magic mapping {unknown}
 t - a scroll of identify {unknown}
 A - 2 scrolls of teleportation {unknown}
 I - a scroll of amnesia {unknown}
Potions
 j - a potion of mutation
 m - a potion of flight
 o - a potion of brilliance
Comestibles
 f - a bread ration
 K - a meat ration


   Skills:
 + Level 4.4 Fighting
 + Level 0.4 Short Blades
 + Level 3.6 Axes
 + Level 0.8 Throwing
 + Level 3.9 Armour
 + Level 0.8 Dodging
 + Level 3.5 Shields


You had 3 spell levels left.
You didn't know any spells.

Dungeon Overview and Level Annotations

Branches:
Dungeon (3/15)

Altars:
The Shining One

Annotations:
D:3 akademic's ghost, amateur DrCj


Innate Abilities, Weirdness & Mutations

You are resistant to hostile enchantments. (MR+)
Your system is resistant to poisons. (rPois)
You expend magic power (3 MP) to strengthen your wands.


Message History

Akademic's ghost gestures at you while chanting.
The magic dart hits you!
* * * LOW HITPOINT WARNING * * *
Akademic's ghost casts a spell at you. The magic dart hits you!
* * * LOW HITPOINT WARNING * * *
Items here: ! ) [[ รท a spear; an animal skin; a helmet; a potion of flight the hobgoblin skeleton of Robin
As you read the scroll labeled TYERREABOCS, it crumbles to dust.
You feel blessed for a moment.
It was a scroll of remove curse.
You are too injured to fight recklessly!
You hit akademic's ghost but do no damage.
Akademic's ghost is heavily damaged.
You block akademic's ghost's attack.
Your shield prevents you from hitting akademic's ghost.
Akademic's ghost is heavily damaged.
Akademic's ghost points at you and mumbles some strange words.
The magic dart hits you!
You die... ..# gl# ## gg.

.### #g# #.... #g#
... #.####.#
.######)#....#
.......)..W.######
.....!..<.#@)....#
#######.########.....
#.# ### ... ##.# #.#
... ...


You could see akademic's ghost.

Vanquished Creatures
  Robin (D:3)
  2 adders (D:2)
  A worm (D:2)
  4 leopard geckos
  17 goblins
  11 hobgoblins
  6 kobolds
  A quokka (D:3)
  4 bats
  3 frilled lizards
  2 rats (D:1)
52 creatures vanquished.

Notes
Turn   | Place    | Note
-------+----------+-------------------------------------------
     0 | D:1      | Internecine the Hill Orc Fighter began the quest for the Orb.
     0 | D:1      | Reached XP level 1. HP: 19/19 MP: 1/1
   198 | D:1      | Reached XP level 2. HP: 27/27 MP: 2/2
   203 | D:1      | Reached skill level 4 in Fighting
   726 | D:2      | Reached XP level 3. HP: 30/33 MP: 3/3
  1078 | D:2      | Found a glowing golden altar of the Shining One.
  1099 | D:2      | Became a worshipper of the Shining One
  1571 | D:2      | Reached XP level 4. HP: 38/40 MP: 4/4
  1761 | D:3      | Noticed Robin
  1786 | D:3      | Gained mutation: You expend magic power (3 MP) to strengthen your wands. [potion of mutation]
  1786 | D:3      | Gained mutation: Your system is resistant to poisons. (rPois) [potion of mutation]
  1786 | D:3      | Gained mutation: You are resistant to hostile enchantments. (MR+) [potion of mutation]
  1825 | D:3      | Killed Robin
  2015 | D:3      | Noticed akademic's ghost (amateur DrCj)
  2051 | D:3      | Killed from afar by akademic's ghost

Skill      XL: |  1  2 |
---------------+-------+-----
Fighting       | 4 |  4.4
Axes           | 3 |  3.6
Short Blades   | |  0.4
Throwing       | |  0.8
Armour         | |  3.9
Dodging        | |  0.8
Shields        | |  3.5

Action                   |  1- 3 |  4- 6 || total
-------------------------+-------+-------++-------
Melee: War axe           |    71 |    13 ||    84
       Dagger            |    18 |    64 ||    82
Throw: Javelin           |    11 |       ||    11
       Stone             |    14 |     2 ||    16
  Use: Potion            |       |     8 ||     8
       Scroll            |       |     1 ||     1
  Eat: Chunk             |     2 |     1 ||     3
Armor: Scale mail        |    31 |    56 ||    87
Dodge: Dodged            |    23 |    45 ||    68
Block: Shield            |    40 |    48 ||    88
